 Dungeon Crawl Stone Soup version 0.31-a0-210-gccc998df9b (webtiles) character file.

Game seed: 9692178627068631978

16 qw the Shooter (level 2, -5/16 HPs)
             Began as a Gargoyle Hexslinger on June 29, 2023.
             Slain by Terence
             ... wielding a +0 mace
              (12 damage)
             ... on level 2 of the Dungeon.
             The game lasted 00:00:12 (487 turns).

qw the Shooter (Gargoyle Hexslinger)                 Turns: 487, Time: 00:00:13

Health: -5/16      AC:  7    Str: 11    XL:     2   Next: 58%
Magic:  3/3        EV: 10    Int: 13    God:
Gold:   67         SH:  0    Dex: 12    Spells: 2/3 levels left

rFire   . . .        Y - +1 sling
rCold   . . .        (no shield)
rNeg    + . .        d - +0 ring mail
rPois   inf          (no helmet)
rElec   +            (no cloak)
rCorr   .            (no gloves)
SInv    .            (no boots)
Will    .....        (no amulet)
Stlth   +            (no ring)
HPRegen 0.22/turn    (no ring)
MPRegen 0.08/turn

%: no passive effects
@: no status effects
A: sickness immunity, AC +2, negative energy resistance 1, electricity
resistance, torment resistance 1, petrification resistance
a: no special abilities


You were on level 2 of the Dungeon.
You visited 1 branch of the dungeon, and saw 2 of its levels.

You collected 67 gold pieces.


Innate Abilities, Weirdness & Mutations

You are immune to sickness and miasma.
Your stone body is resilient. (AC +2)
You are immune to poison.
You resist negative energy. (rN+)
You are resistant to electric shocks. (rElec)
You are resistant to unholy torment.
You are immune to petrification.


   Skills:
 + Level 1.4 Fighting
 - Level 3.0 Ranged Weapons
 - Level 1.5 Dodging
 - Level 1.0 Spellcasting
 - Level 2.6 Hexes


You had 2 spell levels left.
You knew the following spells:

 Your Spells              Type           Power      Damage    Failure   Level
a - Slow                  Hex            28%        N/A       22%         1

Your spell library contained the following spells:

 Spells                   Type           Power      Damage    Failure   Level
 Inner Flame              Hex/Fire       4%         N/A       75%         3
 Portal Projectile        Hex/Tloc       8%         N/A       75%         3
 Cause Fear               Hex            3%         N/A       92%         4

Inventory:

Hand Weapons
 Y - a +1 sling (weapon)
Armour
 d - a +0 ring mail (worn)
Potions
 e - a potion of curing {unknown}
 f - a potion of ambrosia {unknown}
 h - 2 potions of heal wounds

Dungeon Overview and Level Annotations

Branches:
Dungeon (2/15)

Altars:

Annotations:
D:2 Terence


Message History

The sling bullet closely misses the giant cockroach.
The giant cockroach completely misses you.
The giant cockroach bites you but does no damage.
You shoot a sling bullet.
The sling bullet hits the giant cockroach.
You kill the giant cockroach!
Your Ranged Weapons skill increases to level 3!
You see here a giant cockroach corpse.
As you open the door, it creaks loudly!
There is an open door here.
A worm comes into view.
You shoot a sling bullet. The sling bullet hits the worm.
The worm is lightly wounded.
You shoot a sling bullet. The sling bullet hits the worm.
The worm is moderately wounded.
You shoot a sling bullet. The sling bullet hits the worm!
The worm is severely wounded.
You shoot a sling bullet. The sling bullet hits the worm.
The worm is almost dead.
You shoot a sling bullet. The sling bullet hits the worm.
You kill the worm!
Found a stone staircase leading down.
Found a stone staircase leading up.
There is a stone staircase leading up here.
Terence the Incautious comes into view.
He is wielding a +0 mace.
You shoot a sling bullet.
The sling bullet hits Terence but does no damage.
Terence drinks a potion.
Terence goes berserk!
You shoot a sling bullet.
The sling bullet hits Terence but does no damage.
Terence hits you with a +0 mace.
You shoot a sling bullet. The sling bullet barely misses Terence.
Terence closely misses you.
You shoot a sling bullet.
The sling bullet closely misses Terence.
Terence hits you with a +0 mace!
Ouch! That really hurt!
Terence hits you with a +0 mace!
Ouch! That really hurt!
You die...

..#.##.#..###.##+######
..#.##.#...##.#........
..#.##.#.#<............
..#.##.#.#............
..#.##.#..............
..#.##.#.#####...#####
..#.##.#.# #...# #.#.#
#.# #.#.# # #. #.#@#
#.#@# #.#.. #.#.#.
#.#.#.. ..#.# ## #.#
#.#


You could see Terence (berserk).

Vanquished Creatures
  A worm (D:2)
  A bat (D:2)
  A giant cockroach (D:2)
  3 goblins (D:1)
  3 kobolds (D:1)
  A quokka (D:1)
  A ball python (D:1)
11 creatures vanquished.

Notes
Turn   | Place    | Note
-------+----------+-------------------------------------------
     0 | D:1      | qw the Gargoyle Hexslinger began the quest for the Orb.
     0 | D:1      | Reached XP level 1. HP: 12/12 MP: 2/2
     0 | D:1      | 0 ||| qw: Version: 0.3-a-24-ga2abf7b
     0 | D:1      | 0 ||| qw: Game counter: 6903
     0 | D:1      | 0 ||| qw: Melee chars always use a shield: true
     0 | D:1      | 0 ||| qw: God list: Okawaru
     0 | D:1      | 0 ||| qw: Allow faded altars: false
     0 | D:1      | 0 ||| qw: Do Orc after clearing Dungeon:15 true
     0 | D:1      | 0 ||| qw: Do second Lair branch before Depths: true
     0 | D:1      | 0 ||| qw: Lair rune preference: random
     0 | D:1      | 0 ||| qw: Goals: Normal
     0 | D:1      | 0 ||| PLANNING D:1-11
   116 | D:1      | Reached XP level 2. HP: 16/16 MP: 3/3
   419 | D:1      | 419 ||| UPGRADING to +0 ring mail.
   429 | D:1      | 429 ||| DROPPING +0 robe.
   430 | D:1      | 430 ||| READING scroll labelled NYDOCE KIKKUUT.
   431 | D:1      | 431 ||| DRINKING 3 sapphire potions.
   432 | D:1      | 432 ||| DROPPING scroll of poison.
   450 | D:2      | Reached skill level 3 in Ranged Weapons
   483 | D:2      | Noticed Terence
   487 | D:2      | Slain by Terence

Levels and vault maps discovered:
D:1:      lightli_arrival_isolated_outpost, layout_rooms, minmay_unequal
D:2:      layout_basic, dk_noncrumbling_4, uniq_jessica, uniq_terence,
          uniq_sigmund

Skill      XL: |  1  2 |
---------------+-------+-----
Ranged Weapons | 3 |  3.0
Fighting       | |  1.4
Dodging        | |  1.5
Spellcasting   | |  1.0
Hexes          | |  2.6

Action                     || total
---------------------------++-------
   Fire: Sling             ||    51
    Use: Scroll            ||     1
         Potion            ||     1
 Armour: Robe              ||     1
         Ring mail         ||     5
  Dodge: Dodged            ||    17

Table legend:
 A = Non-vault XP
 B = Vault XP
 C = Vault XP percentage of total XP
 D = Non-vault monster count
 E = Vault monster count
 F = Vault count percentage of total count
                 A         B        C        D         E       F
            +---------+---------+-------+---------+---------+-------
      Total |      16 |       8 |  33.3 |       7 |       4 |  36.4
            +---------+---------+-------+---------+---------+-------
        D:1 |       7 |       8 |  53.3 |       4 |       4 |  50.0
        D:2 |       9 |       0 |   0.0 |       3 |       0 |   0.0
            +---------+---------+-------+---------+---------+-------
